 Dungeon Crawl Stone Soup version 0.27-a0-1280-g9d2d252d84 (webtiles) character file.

Game seed: 10693238569051899069

82 EiAlmux the Digger (level 4, 0/25 HPs)
             Began as a Gargoyle Earth Elementalist on June 12, 2021.
             Slain by a giant cockroach (2 damage)
             ... on level 2 of the Dungeon on June 13, 2021.
             The game lasted 00:03:11 (1648 turns).

EiAlmux the Digger (Gargoyle Earth Elementalist)    Turns: 1648, Time: 00:03:11

Health: 0/25       AC:  7    Str: 12    XL:     4   Next: 43%
Magic:  7/7        EV: 11    Int: 16    God:
Gold:   43         SH:  0    Dex: 10    Spells: 7/8 levels left

rFire    . . .     SeeInvis .   f - +0 dagger (venom)
rCold    . . .     Faith    .   (no shield)
rNeg     + . .     Spirit   .   a - +0 leather armour
rPois    ∞         Reflect  .   (no helmet)
rElec    +         Harm     .   (no cloak)
rCorr    .         Rampage  .   d - +0 pair of gloves
Will     .....                  (no boots)
Stlth    ++........             (no amulet)
HPRegen  0.08/turn              (no ring)
MPRegen  0.10/turn              (no ring)

@: slowed, very slow
A: sickness immunity, AC +3, negative energy resistance 1, electricity
resistance, torment resistance 1, petrification resistance
a: no special abilities


You were on level 2 of the Dungeon.
You visited 1 branch of the dungeon, and saw 2 of its levels.

You collected 43 gold pieces.

Inventory:

Hand Weapons
 f - a +0 dagger of venom (weapon)
Missiles
 b - 25 stones
Armour
 a - a +0 leather armour (worn)
 c - a +0 robe
 d - a +0 pair of gloves (worn)
Scrolls
 g - a scroll of identify {unknown}
 i - a scroll of teleportation {unknown}
Potions
 e - a potion of resistance {unknown}
 h - a potion of attraction {unknown}
 j - a potion of curing {unknown}


   Skills:
 + Level 1.6 Fighting
 - Level 1.5 Dodging
 - Level 2.1 Stealth
 + Level 2.5 Spellcasting
 + Level 1.5 Conjurations
 + Level 1.5 Transmutations
 + Level 4.2 Earth Magic


You had 7 spell levels left.
You knew the following spells:

 Your Spells              Type           Power      Damage    Failure   Level
a - Sandblast             Erth           30%        2d9       4%          1

Your spell library contained the following spells:

 Spells                   Type           Power      Damage    Failure   Level
 Passwall                 Tmut/Erth      9%         N/A       12%         2
 Magic Dart               Conj           28%        1d4       13%         1
 Stone Arrow              Conj/Erth      22%        3d8       22%         3
 Blink                    Tloc           N/A        N/A       36%         2
 Call Imp                 Summ           2%         N/A       36%         2
 Slow                     Hex            2%         N/A       36%         2
 Conjure Flame            Conj/Fire      4%         6-21      47%         3
 Mephitic Cloud           Conj/Pois/Air  3%         N/A       52%         3
 Petrify                  Tmut/Erth      11%        N/A       58%         4
 Lee's Rapid Deconstruct  Erth           7%         3d8*      77%         5


Dungeon Overview and Level Annotations

Branches:
Dungeon (2/15)

Altars:


Innate Abilities, Weirdness & Mutations

You are immune to sickness and miasma.
Your stone body is resilient. (AC +3)
You are immune to poison.
You resist negative energy. (rN+)
You are resistant to electric shocks. (rElec)
You are resistant to unholy torment.
You are immune to petrification.


Message History

Natasha claws you but does no damage.
The giant cockroach bites you but does no damage. x2
Natasha claws you.
* * * LOW HITPOINT WARNING * * *
The giant cockroach bites you but does no damage.
The giant cockroach bites you but does no damage.
Natasha extends her claws.
Natasha casts a spell at you.
You feel as though you will be slow longer.
The giant cockroach bites you but does no damage.
Casting: Sandblast (safe; 4% risk of failure)
Confirm with . or Enter, or press ? or * to list all spells.
Aiming: Sandblast (safe; 4% risk of failure)
Press: ? - help, Shift-Dir - straight line, f/p - Natasha
Aim: Natasha (heavily wounded, 74% to hit)
The blast of sand hits Natasha!
You kill Natasha!
Natasha screams in pain as she dies!
The giant cockroach barely misses you. The giant cockroach misses you.
The giant cockroach bites you but does no damage.
The giant cockroach bites you but does no damage. x2
The giant cockroach bites you.
* * * LOW HITPOINT WARNING * * *
The giant cockroach bites you but does no damage.
Okay, then.
The giant cockroach bites you but does no damage.
You hear a zap.
You hear a grinding noise.
The giant cockroach bites you.
* * * LOW HITPOINT WARNING * * *
The giant cockroach barely misses you. The giant cockroach misses you.
The giant cockroach barely misses you.
The giant cockroach bites you but does no damage.
You hear a zap.
You hear a grinding noise.
The giant cockroach bites you.
* * * LOW HITPOINT WARNING * * *
The giant cockroach bites you but does no damage.
The giant cockroach barely misses you. The giant cockroach closely misses you.
The giant cockroach bites you.
You die...

...........†...........
#########..###...#####.##.
#......##..#.....##...(...
#.........................
#........#.......##.##....
#........#.......##.##....
#........##....)..#.##....
#####...BB................
#....@#...†...#...†.##
#.....#....##.......#
#####......<..#....##
#####....†##.......###
#..................+.#
##########.........##.##....#.#
#.....................##......#
######.###.........##.##......#
#.# #.#####......##.......


You could see 2 giant cockroaches.

Vanquished Creatures
  Natasha (D:2)
  2 adders (D:2)
  A dart slug (D:1)
  2 ball pythons (D:1)
  4 bats (D:1)
  5 endoplasms
  2 giant cockroaches
  3 hobgoblins
  2 jackals (D:1)
  2 kobolds (D:1)
  3 frilled lizards (D:2)
  5 goblins
  4 rats
36 creatures vanquished.

Notes
Turn   | Place    | Note
-------+----------+-------------------------------------------
     0 | D:1      | EiAlmux the Gargoyle Earth Elementalist began the quest for
                  | the Orb.
     0 | D:1      | Reached XP level 1. HP: 10/10 MP: 3/3
   408 | D:1      | Reached skill level 1 in Transmutations
   408 | D:1      | Reached XP level 2. HP: 16/16 MP: 3/5
   741 | D:1      | Reached skill level 1 in Fighting
   741 | D:1      | Reached skill level 1 in Conjurations
   746 | D:1      | Reached XP level 3. HP: 16/20 MP: 6/6
  1029 | D:1      | Reached skill level 4 in Earth Magic
  1608 | D:2      | Reached XP level 4. HP: 25/25 MP: 7/7
  1626 | D:2      | Noticed Natasha
  1638 | D:2      | Killed Natasha
  1646 | D:2      | HP: 1/25 [giant cockroach (1)]
  1648 | D:2      | Slain by a giant cockroach

Illustrated notes

Levels and vault maps discovered:
D:1:      dpeg_arrival_round_a, layout_rooms, minmay_misc_feat_square,
          serial_bayou_pond_e, minmay_misc_feat_columns, dk_noncrumbling_4,
          minmay_misc_feat_chi
D:2:      minmay_kobold_bridge, layout_basic, uniq_natasha

Skill      XL: |  1  2  3 |
---------------+----------+-----
Transmutations | 1 |  1.5
Fighting       | 1 |  1.6
Conjurations   | 1 |  1.5
Earth Magic    | 4 |  4.2
Dodging        | |  1.5
Stealth        | |  2.1
Spellcasting   | |  2.5

Action                   |  1- 3 |  4- 6 || total
-------------------------+-------+-------++-------
Melee: Unarmed           |    20 |       ||    20
       Dagger            |    61 |     4 ||    65
 Cast: Sandblast         |    18 |     2 ||    20
 Stab: Distracted        |     1 |       ||     1
       Sleeping          |     3 |       ||     3
Armor: Robe              |     4 |       ||     4
       Leather armour    |    29 |    19 ||    48
Dodge: Dodged            |    37 |    12 ||    49

Table legend: (Time is in decaauts)
 A = Elapsed time spent in this place.
 B = Non-inter-level travel time spent in this place.
 C = Inter-level travel time spent in this place.
 D = Time resting spent in this place.
 E = Time spent auto-exploring this place.
 F = Levels seen in this place.
 G = Mean time per level.
                   A        B        C        D        E       F      G
               +--------+--------+--------+--------+--------+-----+--------+
         Total |   1657 |   1631 |     26 |      0 |   1354 |   2 |  828.5 |
       Dungeon |   1657 |   1631 |     26 |      0 |   1354 |   2 |  828.5 |
               +--------+--------+--------+--------+--------+-----+--------+

Top non-repeatable levels by time:
     D:1: 1257 daAuts
     D:2: 400 daAuts
